 Dungeon Crawl Stone Soup version 0.18.1-1-g2f07953 (webtiles) character file.

99 imganon the Chopper (level 4, -7/35 HPs)
             Began as a Demonspawn Berserker on May 8, 2016.
             Was a Believer of Trog.
             Killed by divine providence
             ... invoked by an orc priest
              (14 damage)
             ... on level 3 of the Dungeon.
             The game lasted 00:03:13 (1043 turns).

imganon the Chopper (Demonspawn Berserker)          Turns: 1043, Time: 00:03:14

Health: -7/35      AC: 10    Str: 19    XL:     4   Next: 45%
Magic:  4/4        EV:  1    Int:  8    God:    Trog [**....]
Gold:   82         SH:  0    Dex: 12    Spells: 0 memorised, 3 levels left

rFire  . . .     SeeInvis .     a - +0 hand axe
rCold  . . .     Gourm    .     e - +0 plate armour
rNeg   . . .     Faith    .     (no shield)
rPois  .         Spirit   .     (helmet restricted)
rElec  .         Dismiss  .     (no cloak)
rCorr  .         Reflect  .     (no gloves)
SustAt .         Harm     .     (no boots)
MR     .....                    (no amulet)
Stlth  ..........               (no ring)
                                (no ring)

@: not resistant to hostile enchantments, extremely unstealthy
A: horns 1
a: Berserk, Trog's Hand, Burn Spellbooks, Renounce Religion


You were on level 3 of the Dungeon.
You worshipped Trog.
Trog was pleased with you.
You were hungry.

You visited 1 branch of the dungeon, and saw 3 of its levels.

You collected 82 gold pieces.

Inventory:

Hand Weapons
 a - a +0 hand axe (weapon)
Armour
 e - a +0 plate armour (worn)
Scrolls
 b - 3 scrolls of enchant weapon {unknown}
 d - 2 scrolls of teleportation {unknown}
 g - 2 scrolls of random uselessness {unknown}
 h - 3 scrolls of remove curse {unknown}
 j - a scroll of immolation {unknown}
 l - 2 scrolls of identify {unknown}
 m - 3 scrolls of blinking {unknown}
Potions
 f - a potion of heal wounds {unknown}
 k - a potion of cancellation {unknown}
Comestibles
 c - 2 bread rations
 i - a beef jerky


   Skills:
 - Level 3.0 Fighting
 + Level 4.8 Axes
 - Level 1.7 Armour
 - Level 1.7 Dodging


You had 3 spell levels left.
You didn't know any spells.

Dungeon Overview and Level Annotations

Branches:
Dungeon (3/15)

Altars:

Annotations:
D:3 MagicLamp's ghost, amateur MfTm


Innate Abilities, Weirdness & Mutations

You have a pair of small horns on your head.


Message History

You kill the jackal!
Trog accepts your kill.
You hit the jackal.
The jackal is severely wounded.
The jackal barely misses you. The jackal bites you.
MagicLamp's ghost whispers, "Trust me.
Just give in."
The jackal bites you but does no damage.
There is a stone staircase leading up here.
You barely miss the jackal.
The jackal is severely wounded.
The jackal barely misses you.
The orc priest calls down the wrath of Beogh upon you.
Beogh smites you!
* * * LOW HITPOINT WARNING * * *
Unknown command.
The jackal bites you but does no damage.
The orc priest calls down the wrath of Beogh upon you.
Beogh smites you!
You die...

#...........####.
#.##...........#.
####.##...####.##.##
#.........####.##.##
############.##.##....W.Wo.....
#...<..##.......##.#o#####†#†##
#.####.##.##.##W.....##.......#
###.##.##.##h##o###..W.....#
#......##..@o...# #.o##.....
#.#.##.#####.#### #.o#####.#
#.#.##.# #.# #.†.[....# .
..##.. ..# #%########
##.####.#. ### ##.## #. .###.
#.o.# . # #. #.w.# .. .. #...#
#...#


You could see an orc priest, MagicLamp's ghost, an orc and a jackal.

Vanquished Creatures
  Terence (D:2)
  2 adders (D:2)
  An ooze (D:2)
  A worm (D:3)
  2 dart slugs (D:1)
  A giant gecko (D:2)
  2 giant cockroaches (D:2)
  3 goblins
  10 hobgoblins
  3 jackals (D:3)
  6 kobolds
  2 quokkas (D:3)
  3 bats
  2 giant newts (D:2)
  6 rats
45 creatures vanquished.

Notes
Turn   | Place    | Note
--------------------------------------------------------------
     0 | D:1      | imganon the Demonspawn Berserker began the quest for the Orb.
     0 | D:1      | Reached XP level 1. HP: 18/18 MP: 1/1
    83 | D:1      | Reached skill level 3 in Axes
   123 | D:1      | Gained mutation: You have a pair of small horns on your head. [demonic ancestry]
   123 | D:1      | Reached XP level 2. HP: 19/24 MP: 2/2
   366 | D:2      | Reached ** piety under Trog
   367 | D:2      | Reached XP level 3. HP: 26/29 MP: 3/3
   382 | D:2      | Reached skill level 4 in Axes
   478 | D:2      | Noticed Terence
   490 | D:2      | Killed Terence
   490 | D:2      | Reached XP level 4. HP: 35/35 MP: 4/4
  1005 | D:3      | Noticed MagicLamp's ghost (amateur MfTm)
  1043 | D:3      | Killed from afar by an orc priest

Skill      XL: |  1  2  3 |
---------------+----------+-----
Axes           | 3 4 |  4.8
Fighting       | |  3.0
Armour         | |  1.7
Dodging        | |  1.7

Action                   |  1- 3 |  4- 6 || total
-------------------------+-------+-------++-------
Melee: Hand axe          |    62 |    51 ||   113
       Headbutt          |    11 |     8 ||    19
Invok: Burn Spellbooks   |     1 |       ||     1
       Berserk           |     1 |       ||     1
  Eat: Chunk             |       |     1 ||     1
Armor: Plate armour      |    47 |    41 ||    88
Dodge: Dodged            |    20 |    15 ||    35
